AoeStats
← Nou Mene

Arabia

510005286Analyzed
1v1 RM · 4d ago on Sep 29, 2026· 43m 4s· 2 players
Game mode
Random Map
Map size
Tiny (2 player)
Population
200
Speed
Normal
Resources
Standard
Victory
Conquest
Starting age
Dark Age
Ending age
Imperial Age
RankedLock teamsTeams togetherTeam positionsShared explorationLock speedFull tech treeHidden civsTurbo modeCheats
Victory
Defeat
🇨🇱 Magyars · Chile
669
+15
🇧🇷 Franks · Brazil
639
-15
Demonhera do Pagode
10:40 Feudal Age
12:42 Double-Bit Axe
21:40 Wheelbarrow
25:46 Castle Age
25:26 Forging
25:22 Scale Mail Armor
27:01 Loom
29:51 Husbandry
36:52 Town Watch
39:05 Scale Barding Armor
41:42 Pikeman
Nou Mene
10:26 Feudal Age
11:30 Double-Bit Axe
14:54 Bloodlines
17:34 Horse Collar
22:58 Castle Age
21:05 Fletching
23:54 Gold Mining
25:04 Husbandry
25:55 Scale Barding Armor
25:47 Bodkin Arrow
26:21 Bow Saw
26:14 Heavy Plow
31:40 Thumb Ring
40:42 Imperial Age
38:38 Ballistics
39:28 Chain Barding Armor
41:24 Recurve Bow
41:33 Bracer
42:04 Parthian Tactics
Connection lost

Rejoining the realm…

Still unreachable

The connection could not be restored.

Session expired

The server has moved on; the page needs a fresh start.